 Dungeon Crawl Stone Soup version 0.21-a0-509-gecc5317 (console) character file.

4093 Goblin1989 the Blocker (level 10, -4/81 HPs)
             Began as a Gnoll Fighter on Nov 29, 2017.
             Was a Believer of Uskayaw.
             Slain by a two-headed ogre
             ... wielding a +0 giant club
              (7 damage)
             ... on level 8 of the Dungeon.
             The game lasted 00:18:47 (7361 turns).

Goblin1989 the Blocker (Gnoll Fighter)              Turns: 7361, Time: 00:18:49

Health: -4/81      AC: 15    Str: 25 (26) XL:     10   Next: 26%
Magic:  17/17      EV: 10    Int:  9 (11) God:    Uskayaw [**....]
Gold:   243        SH: 12    Dex: 14 (15) Spells: 19/19 levels left

rFire    . . .     SeeInvis .   b - +1 whip (freeze)
rCold    . . .     Gourm    .   c - +0 shield
rNeg     . . .     Faith    .   V - +0 chain mail
rPois    .         Spirit   .   t - +0 helmet
rElec    .         Reflect  .   C - -1 cloak (curse)
rCorr    .         Harm     .   i - +0 pair of gloves
MR       .....                  v - +0 pair of boots
Stlth    ..........             r - amulet of regeneration
HPRegen  0.63/turn              y - +5 ring of strength
MPRegen  0.15/turn              Y - ring of wizardry

@: no status effects
A: distributed training, fangs 1, deterioration 1, strong nose
a: Stomp, Line Pass, Renounce Religion


You were on level 8 of the Dungeon.
You worshipped Uskayaw.
Uskayaw was noncommittal.
You were hungry.

You visited 1 branch of the dungeon, and saw 8 of its levels.

You collected 341 gold pieces.
You spent 98 gold pieces at shops.

Inventory:

Hand Weapons
 a - a +0 flail
 b - a +1 whip of freezing (weapon)
 w - a +0 blowgun {@w1}
 H - a +0 hunting sling
Missiles
 u - 8 curare-tipped needles
 D - 14 bolts
 F - 32 stones (quivered)
 G - 23 sling bullets
Armour
 c - a +0 shield (worn)
 i - a +0 pair of gloves (worn)
 t - a +0 helmet (worn)
 v - a +0 pair of boots (worn)
 C - a cursed -1 cloak (worn)
 N - the +1 robe of Inevitability {rC+ rN+, unknown}
   (You found it on level 6 of the Dungeon)

   It protects you from cold.
   It protects you from negative energy.
 V - a +0 chain mail (worn)
Jewellery
 p - an uncursed ring of magical power
 r - an amulet of regeneration (around neck)
 y - a +5 ring of strength (left hand)
 J - a +3 ring of intelligence {unknown}
 O - an uncursed amulet of guardian spirit
 Y - a ring of wizardry (right hand)
Wands
 A - a wand of acid (12)
 E - a wand of enslavement (9)
 I - a wand of iceblast (15)
 P - a wand of paralysis (15)
Scrolls
 g - 3 scrolls of remove curse {unknown}
 h - 7 scrolls of teleportation {unknown}
 j - 2 scrolls of fear {unknown}
 m - 2 scrolls of magic mapping {unknown}
 o - 3 scrolls of enchant weapon {unknown}
 s - a scroll of enchant armour {unknown}
 x - 3 scrolls of random uselessness {unknown}
 B - 3 scrolls of amnesia {unknown}
 M - a scroll of vulnerability {unknown}
 R - 5 scrolls of identify {@r1}
 T - 2 scrolls of fog {unknown}
 Z - 3 scrolls of blinking {unknown}
Potions
 f - 3 potions of curing {@q1}
 z - 2 potions of heal wounds {@q2, !q}
 Q - a potion of haste {unknown}
 U - 2 potions of lignification
 X - 3 potions of brilliance
Books
 L - a book of Geomancy

   Spells                             Type                      Level
   a - Sandblast                      Earth                        1
   b - Passwall                       Transmutation/Earth          2
   c - Stone Arrow                    Conjuration/Earth            3
   d - Petrify                        Transmutation/Earth          4
   e - Lee's Rapid Deconstruction     Earth                        5
Comestibles
 e - 6 bread rations {@e1}
 n - 5 meat rations {@e2}
 S - 7 fruits
 W - 5 royal jellies


   Skills:
 + Level 8.3 Fighting
 + Level 5.0 Short Blades
 + Level 5.0 Long Blades
 + Level 5.0 Axes
 + Level 6.9 Maces & Flails
 + Level 5.0 Polearms
 + Level 5.0 Staves
 + Level 5.0 Slings
 + Level 5.0 Bows
 + Level 5.0 Crossbows
 + Level 5.0 Throwing
 + Level 8.3 Armour
 + Level 5.0 Dodging
 + Level 5.0 Stealth
 + Level 8.3 Shields
 + Level 5.0 Unarmed Combat
 + Level 5.0 Spellcasting
 + Level 4.1 Conjurations
 + Level 4.1 Hexes
 + Level 4.1 Charms
 + Level 4.1 Summonings
 + Level 4.1 Necromancy
 + Level 4.1 Translocations
 + Level 4.1 Transmutations
 + Level 4.1 Fire Magic
 + Level 4.1 Ice Magic
 + Level 4.1 Air Magic
 + Level 4.1 Earth Magic
 + Level 4.1 Poison Magic
 + Level 5.5 Invocations
 + Level 5.0 Evocations


You had 19 spell levels left.
You didn't know any spells.

Dungeon Overview and Level Annotations

Branches:
Dungeon (8/15)             Temple (0/1) D:4
   Lair: D:8-11

Altars:
Ashenzari
Cheibriados
Dithmenos
Nemelex Xobeh
Qazlal
Sif Muna
Trog
Uskayaw
Yredelemnul
The Shining One

Shops:
D:4 *}(

Annotations:
D:8 Prince Ribbit


Innate Abilities, Weirdness & Mutations

Your experience applies equally to all skills.
You have very sharp teeth.
Your uncanny sense of smell can sniff out nearby items.
Your body sometimes deteriorates upon taking damage.


Message History

You kill the ice beast!
Uskayaw will force your foes to share their pain.
You are feeling hungry.
A - a wand of acid (12)
Things that are here:
a rapier; a robe You are no longer corroded.
Okay, then.
Things that are here:
a rapier; a robe You start resting.
You can no longer pass through a line of other dancers.
HP restored.
Health restored: 81
Found a stone staircase leading down.
e - 6 bread rations {@e1} (gained 1)
W - 5 royal jellies (gained 1)
You see here a weird smoking staff.
A hound skeleton comes into view.
You see here a dagger.
There are monsters nearby!
A two-headed ogre comes into view. It is wielding two giant clubs.
The two-headed ogre shouts in stereo!
You barely miss Prince Ribbit. You block the hound skeleton's attack.
Prince Ribbit hits you. You block the hound skeleton's attack.
You take 3 damage, and have 78/81 hp.
You hit Prince Ribbit. You freeze Prince Ribbit. You bite Prince Ribbit.
Prince Ribbit is lightly wounded.
You block Prince Ribbit's attack.
The hound skeleton bites you but does no damage.
You miss Prince Ribbit.
Prince Ribbit is lightly wounded.
Prince Ribbit hits you but does no damage.
You block the hound skeleton's attack.
You whack Prince Ribbit!
Prince Ribbit seems to slow down.
You freeze Prince Ribbit.
Prince Ribbit is heavily wounded.
Prince Ribbit hits you!
Your body deteriorates!
You feel weakened.
The hound skeleton bites you but does no damage.
You can now pass through a line of other dancers.
You take 11 damage, and have 68/81 hp.
You see here a dagger.
You can no longer pass through a line of other dancers.
Prince Ribbit is no longer moving slowly.
The two-headed ogre hits you with a giant club!
You block the two-headed ogre's attack.
The hound skeleton completely misses you.
You take 17 damage, and have 54/81 hp.
MASSIVE DAMAGE!!
The hound skeleton barely misses you. x2
Found a stone staircase leading down.
Prince Ribbit blinks!
You hit the two-headed ogre. You freeze the two-headed ogre.
The two-headed ogre is lightly wounded.
The two-headed ogre hits you with a giant club!!
* * * LOW HITPOINT WARNING * * *
Your body deteriorates!
You feel clumsy.
The two-headed ogre hits you with a giant club!
* * * LOW HITPOINT WARNING * * *
You take 31 damage, and have 26/81 hp.
MASSIVE DAMAGE!!
Unknown command.
Unknown command.
Really quaff
z - 3 potions of heal wounds {@q2, !q}?
You feel much better. You block the two-headed ogre's attack.
The two-headed ogre hits you with a giant club.
You regained 18 hp, and now have 44/81 hp.
You whack the two-headed ogre! You freeze the two-headed ogre.
You bite the two-headed ogre.
The two-headed ogre is moderately wounded.
Prince Ribbit hits you!
You take 6 damage, and have 38/81 hp.
You hit the two-headed ogre but do no damage.
You bite the two-headed ogre.
The two-headed ogre is moderately wounded.
The two-headed ogre hits you but does no damage.
You block the two-headed ogre's attack.
Prince Ribbit hits you but does no damage.
You completely miss the two-headed ogre.
The two-headed ogre is moderately wounded.
Prince Ribbit barely misses you. The two-headed ogre closely misses you.
The two-headed ogre hits you with a giant club!!
* * * LOW HITPOINT WARNING * * *
Your body deteriorates!
You feel dopey.
You take 18 damage, and have 20/81 hp.
MASSIVE DAMAGE!!
Unknown command.
Unknown command.
You whack the two-headed ogre! You freeze the two-headed ogre.
You bite the two-headed ogre.
The two-headed ogre is heavily wounded.
Prince Ribbit hits you!
* * * LOW HITPOINT WARNING * * *
You can now pass through a line of other dancers.
You take 8 damage, and have 12/81 hp.
You whack the two-headed ogre! You freeze the two-headed ogre.
The two-headed ogre is severely wounded.
Prince Ribbit blinks!
The two-headed ogre hits you with a giant club!
* * * LOW HITPOINT WARNING * * *
The two-headed ogre hits you with a giant club!
You die...

██.......███.███...██.......█
..............|.....█.......█
..███..............)........█
..█.....█..█........█.......█
..█.█..........█....█.......█
..█............█.████████████
..███..........█Z█ 8██ ⌂██
..███.█........█O██8...8
.8█████
..█...█........█@██..(..
.██...
.>.............§.█>.....
8█...
█.█.█.██......█████..... ∆
█... █.█.█...<.....█████8...8
█... █.█.████.........█


██8██ █.██ ..█.█ █.......██████████ █... ███.█ ███.........█ ...█ ████...
█.██████.........█ █..█ █...... █....)...........█ █).█ █.███.. You could see a
two-headed ogre and a hound skeleton.

Vanquished Creatures
  The ghost of anet the Magician, a novice DEWz of Ashenzari (D:7)
  Pikel (D:8)
  Joseph (D:8)
  2 hippogriffs (D:7)
  Sigmund (D:3)
  Eustachio (D:4)
  Duvessa (D:5)
  2 sky beasts
  3 ice beasts
  2 slaves (D:8)
  A black bear (D:8)
  A phantom (D:6)
  An ogre (D:4)
  2 bullfrogs
  Dowan (D:5)
  2 scorpions
  6 crimson imps
  4 jellies
  2 hounds
  A gnoll shaman (D:5)
  Crazy Yiuf (D:2)
  3 orc wizards
  An iguana (D:6)
  Ijyb (D:3)
  3 worker ants
  3 hound skeletons
  A hound zombie (D:5)
  A worker ant zombie (D:5)
  Robin (D:2)
  5 gnolls (D:5)
  7 adders
  4 shadow imps
  3 oozes
  An adder skeleton (D:5)
  An adder zombie (D:7)
  2 worms
  3 leopard geckos
  13 orcs
  2 ball pythons (D:2)
  10 bats
  4 giant cockroaches
  9 hobgoblins
  12 jackals
  7 kobolds
  3 quokkas
  9 frilled lizards
  7 goblins
  A leopard gecko zombie (D:5)
  A quokka zombie (D:5)
  8 rats
163 creatures vanquished.

Vanquished Creatures (others)
  A scorpion (D:8)
  A bullfrog zombie (D:8)
2 creatures vanquished.

Grand Total: 165 creatures vanquished

Notes
Turn   | Place    | Note
-------+----------+-------------------------------------------
     0 | D:1      | Goblin1989 the Gnoll Fighter began the quest for the Orb.
     0 | D:1      | Reached XP level 1. HP: 23/23 MP: 1/1
   422 | D:1      | Reached XP level 2. HP: 29/29 MP: 2/2
   912 | D:2      | Reached XP level 3. HP: 35/35 MP: 3/3
  1081 | D:2      | Noticed Robin
  1108 | D:2      | Killed Robin
  1108 | D:2      | Reached skill level 1 in Invocations
  1226 | D:2      | Reached skill level 1 in Short Blades
  1226 | D:2      | Reached skill level 1 in Long Blades
  1226 | D:2      | Reached skill level 1 in Axes
  1226 | D:2      | Reached skill level 1 in Polearms
  1226 | D:2      | Reached skill level 1 in Staves
  1226 | D:2      | Reached skill level 1 in Slings
  1226 | D:2      | Reached skill level 1 in Bows
  1226 | D:2      | Reached skill level 1 in Crossbows
  1226 | D:2      | Reached skill level 1 in Throwing
  1226 | D:2      | Reached skill level 1 in Dodging
  1226 | D:2      | Reached skill level 1 in Stealth
  1226 | D:2      | Reached skill level 1 in Unarmed Combat
  1226 | D:2      | Reached skill level 1 in Spellcasting
  1226 | D:2      | Reached skill level 1 in Evocations
  1538 | D:2      | Reached XP level 4. HP: 35/41 MP: 5/5
  1897 | D:2      | Found a deep blue altar of Sif Muna.
  1897 | D:2      | Found a glowing golden altar of the Shining One.
  1897 | D:2      | Found a bloodstained altar of Trog.
  1897 | D:2      | Found a basalt altar of Yredelemnul.
  1919 | D:2      | Found a shattered altar of Ashenzari.
  1926 | D:2      | Found a hide-covered altar of Uskayaw.
  1948 | D:2      | Became a worshipper of Uskayaw the Reveler
  2003 | D:2      | Reached * piety under Uskayaw
  2016 | D:2      | Reached ** piety under Uskayaw
  2079 | D:2      | Found a runed door.
  2159 | D:2      | Noticed Crazy Yiuf
  2166 | D:2      | Killed Crazy Yiuf
  2166 | D:2      | Reached skill level 1 in Conjurations
  2166 | D:2      | Reached skill level 1 in Hexes
  2166 | D:2      | Reached skill level 1 in Charms
  2166 | D:2      | Reached skill level 1 in Summonings
  2166 | D:2      | Reached skill level 1 in Necromancy
  2166 | D:2      | Reached skill level 1 in Translocations
  2166 | D:2      | Reached skill level 1 in Transmutations
  2166 | D:2      | Reached skill level 1 in Fire Magic
  2166 | D:2      | Reached skill level 1 in Ice Magic
  2166 | D:2      | Reached skill level 1 in Air Magic
  2166 | D:2      | Reached skill level 1 in Earth Magic
  2166 | D:2      | Reached skill level 1 in Poison Magic
  2166 | D:2      | Reached XP level 5. HP: 47/47 MP: 5/6
  2291 | D:3      | Reached *** piety under Uskayaw
  2387 | D:3      | Found a snail-covered altar of Cheibriados.
  2454 | D:3      | Noticed Ijyb
  2457 | D:3      | Killed Ijyb
  2768 | D:3      | Found a stormy altar of Qazlal.
  3043 | D:3      | Noticed Sigmund
  3073 | D:3      | Killed Sigmund
  3073 | D:3      | Reached skill level 5 in Maces & Flails
  3073 | D:3      | Reached XP level 6. HP: 49/53 MP: 9/9
  3513 | D:4      | Reached XP level 7. HP: 19/59 MP: 10/10
  3593 | D:4      | Found Duetoise's Gadget Shop.
  3593 | D:4      | Found Pobuikiph's Antique Weapon Emporium.
  3640 | D:4      | Noticed Eustachio
  3710 | D:4      | Found Xecret's Assorted Antiques.
  3811 | D:4      | Killed Eustachio
  3882 | D:4      | Bought a scroll labeled FUYCWEH MI COXTI for 20 gold pieces
  3882 | D:4      | Bought a scroll labeled USAVVU CUWOAZ for 20 gold pieces
  3882 | D:4      | Bought a black potion for 18 gold pieces
  3882 | D:4      | Bought a scroll labeled RAATY WOZYTES for 20 gold pieces
  3882 | D:4      | Bought a scroll labeled OWEUSHR ZYABITO for 20 gold pieces
  4034 | D:4      | Found a staircase to the Ecumenical Temple.
  4121 | D:5      | Entered Level 5 of the Dungeon
  4415 | D:5      | Reached **** piety under Uskayaw
  4422 | D:5      | Reached XP level 8. HP: 67/67 MP: 12/12
  4518 | D:5      | Noticed Dowan
  4518 | D:5      | Found a sparkling altar of Nemelex Xobeh.
  4518 | D:5      | Noticed Duvessa
  4542 | D:5      | Killed Duvessa
  4545 | D:5      | Killed Dowan
  5012 | D:6      | Got a silken robe
  5814 | D:7      | Noticed a hippogriff
  5841 | D:7      | Killed a hippogriff
  5899 | D:7      | Reached XP level 9. HP: 72/72 MP: 14/14
  6135 | D:7      | Noticed anet's ghost (novice DEWz)
  6193 | D:7      | Killed anet's ghost
  6623 | D:8      | Noticed Pikel
  6694 | D:8      | Killed Pikel
  6694 | D:8      | Reached skill level 5 in Invocations
  6732 | D:8      | Found a shadowy altar of Dithmenos.
  6763 | D:8      | Reached XP level 10. HP: 69/80 MP: 15/17
  6946 | D:8      | Noticed Joseph
  6969 | D:8      | Killed Joseph
  7159 | D:8      | Reached skill level 5 in Short Blades
  7159 | D:8      | Reached skill level 5 in Long Blades
  7159 | D:8      | Reached skill level 5 in Axes
  7159 | D:8      | Reached skill level 5 in Polearms
  7159 | D:8      | Reached skill level 5 in Staves
  7159 | D:8      | Reached skill level 5 in Slings
  7159 | D:8      | Reached skill level 5 in Bows
  7159 | D:8      | Reached skill level 5 in Crossbows
  7159 | D:8      | Reached skill level 5 in Throwing
  7159 | D:8      | Reached skill level 5 in Dodging
  7159 | D:8      | Reached skill level 5 in Stealth
  7159 | D:8      | Reached skill level 5 in Unarmed Combat
  7159 | D:8      | Reached skill level 5 in Spellcasting
  7159 | D:8      | Reached skill level 5 in Evocations
  7173 | D:8      | Gained mutation: Your body sometimes deteriorates upon taking damage. [mutagenic meat]
  7184 | D:8      | Noticed Prince Ribbit
  7339 | D:8      | Noticed a two-headed ogre
  7361 | D:8      | HP: 3/81 [two-headed ogre/giant club (10)]
  7361 | D:8      | Slain by a two-headed ogre

Vault maps used:
D:1:      evilmike_arrival_hilbert_curve
D:2:      minmay_overflow_temple_hex, uniq_crazy_yiuf_cottage, uniq_robin
D:3:      lemuel_doored_altar, serial_curves, eino_curves_04, eino_curves_03,
          nicolae_qazlal_eye_of_the_storm, uniq_ijyb, uniq_sigmund
D:4:      temple_green, first_bread, serial_shops, shop, nicolae_shop_crystal,
          kennysheep_mini, minivault_26, uniq_eustachio
D:5:      nemelex_spade_bored_becter, uniq_duvessa
D:8:      nicolae_overflow_hidden_temple, uniq_prince_ribbit1, uniq_joseph,
          uniq_pikel

Skill      XL: |  1  2  3  4  5  6  7  8  9 10 |
---------------+-------------------------------+-----
Invocations    | 1 2 3 4 5 |  5.5
Short Blades   | 1 2 3 4 5 |  5.0
Long Blades    | 1 2 3 4 5 |  5.0
Axes           | 1 2 3 4 5 |  5.0
Polearms       | 1 2 3 4 5 |  5.0
Staves         | 1 2 3 4 5 |  5.0
Slings         | 1 2 3 4 5 |  5.0
Bows           | 1 2 3 4 5 |  5.0
Crossbows      | 1 2 3 4 5 |  5.0
Throwing       | 1 2 3 4 5 |  5.0
Dodging        | 1 2 3 4 5 |  5.0
Stealth        | 1 2 3 4 5 |  5.0
Unarmed Combat | 1 2 3 4 5 |  5.0
Spellcasting   | 1 2 3 4 5 |  5.0
Evocations     | 1 2 3 4 5 |  5.0
Conjurations   | 1 2 3 4 |  4.1
Hexes          | 1 2 3 4 |  4.1
Charms         | 1 2 3 4 |  4.1
Summonings     | 1 2 3 4 |  4.1
Necromancy     | 1 2 3 4 |  4.1
Translocations | 1 2 3 4 |  4.1
Transmutations | 1 2 3 4 |  4.1
Fire Magic     | 1 2 3 4 |  4.1
Ice Magic      | 1 2 3 4 |  4.1
Air Magic      | 1 2 3 4 |  4.1
Earth Magic    | 1 2 3 4 |  4.1
Poison Magic   | 1 2 3 4 |  4.1
Maces & Flails | 5 6 |  6.9
Fighting       | 7 8 |  8.3
Armour         | 7 8 |  8.3
Shields        | 7 8 |  8.3

Action                   |  1- 3 |  4- 6 |  7- 9 | 10-12 || total
-------------------------+-------+-------+-------+-------++-------
Melee: Flail             |   101 |   146 |   457 |       ||   704
       Bite              |     8 |    25 |    73 |    19 ||   125
       Whip              |       |       |    18 |    92 ||   110
  Use: Scroll            |       |     2 |       |       ||     2
       Potion            |       |     1 |     3 |     1 ||     5
 Stab: Paralysed         |       |     1 |     7 |     4 ||    12
  Eat: Chunk             |     2 |     7 |    11 |     2 ||    22
Armor: Scale mail        |    40 |    25 |       |       ||    65
       Chain mail        |       |    24 |   263 |    26 ||   313
       Skin              |       |       |     4 |       ||     4
Dodge: Dodged            |    31 |    48 |   163 |    13 ||   255
Block: Shield            |    49 |    80 |   331 |    45 ||   505

Table legend:
 A = Spawn XP
 B = Non-spawn XP
 C = Spawn XP percentage of total XP
 D = Spawn monster count
 E = Non-spawn monster count
 F = Spawn count percentage of total count
 G = Total turns spent on level
                    A         B        C        D         E        F      G
               +---------+---------+-------+---------+---------+-------+---------
         Total |       0 |    5848 |   0.0 |       0 |     161 |   0.0 |  7361
               +---------+---------+-------+---------+---------+-------+---------
           D:1 |       0 |      31 |   0.0 |       0 |      17 |   0.0 |   890
           D:2 |       0 |     138 |   0.0 |       0 |      33 |   0.0 |  1374
           D:3 |       0 |     347 |   0.0 |       0 |      30 |   0.0 |  1234
           D:4 |       0 |     488 |   0.0 |       0 |       8 |   0.0 |   623
           D:5 |       0 |     496 |   0.0 |       0 |      20 |   0.0 |   657
           D:6 |       0 |     499 |   0.0 |       0 |      14 |   0.0 |   983
           D:7 |       0 |    1763 |   0.0 |       0 |      19 |   0.0 |   833
           D:8 |       0 |    2086 |   0.0 |       0 |      20 |   0.0 |   767
               +---------+---------+-------+---------+---------+-------+---------

Vault maps used:
D:1:      evilmike_arrival_hilbert_curve
D:2:      minmay_overflow_temple_hex, uniq_crazy_yiuf_cottage, uniq_robin
D:3:      lemuel_doored_altar, serial_curves, eino_curves_04, eino_curves_03,
          nicolae_qazlal_eye_of_the_storm, uniq_ijyb, uniq_sigmund
D:4:      temple_green, first_bread, serial_shops, shop, nicolae_shop_crystal,
          kennysheep_mini, minivault_26, uniq_eustachio
D:5:      nemelex_spade_bored_becter, uniq_duvessa
D:8:      nicolae_overflow_hidden_temple, uniq_prince_ribbit1, uniq_joseph,
          uniq_pikel
